AoeStats
← thunder bun

Arabia

506332123Analyzed
1v1 RM · 18d ago on Sep 13, 2026· 43m 48s· 2 players
Game mode
Random Map
Map size
Tiny (2 player)
Population
200
Speed
Normal
Resources
Standard
Victory
Conquest
Starting age
Dark Age
Ending age
Imperial Age
RankedLock teamsTeams togetherTeam positionsShared explorationLock speedFull tech treeHidden civsTurbo modeCheats
Victory
Defeat
🇷🇴 Britons · Romania
2477
+5
🇹🇼 Cumans · Taiwan
2173
-5
thunder bun
6:00 Loom
8:27 Feudal Age
9:47 Double-Bit Axe
13:17 Fletching
14:51 Horse Collar
20:46 Castle Age
18:59 Gold Mining
19:43 Padded Archer Armor
20:49 Elite Skirmisher
21:24 Bodkin Arrow
22:07 Leather Archer Armor
26:06 Wheelbarrow
28:09 Bow Saw
31:52 Bloodlines
33:29 Ballistics
33:17 Scale Barding Armor
34:44 Chain Barding Armor
36:19 Capped Ram
37:20 Forging
44:47 Imperial Age
Andre_2i
7:30 Loom
9:55 Feudal Age
11:16 Double-Bit Axe
19:27 Castle Age
17:45 Fletching
17:47 Horse Collar
20:04 Bodkin Arrow
19:29 Crossbowman
21:20 Bow Saw
22:27 Wheelbarrow
25:32 Town Watch
27:56 Ballistics
28:57 Hand Cart
35:40 Imperial Age
33:06 Gold Mining
33:06 Stone Mining
34:54 Gold Shaft Mining
34:20 Heavy Plow
36:24 Bracer
36:24 Arbalester
38:24 Chemistry
38:51 Padded Archer Armor
39:14 Pikeman
39:55 Squires
42:07 Leather Archer Armor
41:35 Elite Longbowman
42:36 Conscription
43:35 Scale Mail Armor
44:05 Ring Archer Armor
44:13 Yeomen
Connection lost

Rejoining the realm…

Still unreachable

The connection could not be restored.

Session expired

The server has moved on; the page needs a fresh start.